[ AOE2 MATCH · #490140905 ]
UnrankedPersians vs Portuguese
Player's team · LOSS
Rival team · WIN
[ REPLAY ANALYSIS · EXTRACTED FROM THE RECORDED GAME ]
Feudal
—
Castle
—
Imperial
—
| APM avg | 43.7 |
| APM peak | 104 |
| eAPM avg | 14.9 |
| Villagers / military | 25 / 0 |
Focus
⚔️ 22.1% · 🌾 77.9%
Feudal
—
Castle
—
Imperial
—
| APM avg | 74.0 |
| APM peak | 162 |
| eAPM avg | 21.5 |
| Villagers / military | 31 / 0 |
Focus
⚔️ 27.4% · 🌾 72.6%
Match map
Initial resources + every placement click. Lines = walls · curves = elevation contours. ◆ gold · ⬟ stone · ● berries · ✦ relic · ◌ wall gap
Your base· Open — unwalled flank
wza's base· Open — unwalled flank
Smoothed initial terrain · ◌ = detected wall gap · hover for details
Inputs per minute
— DS_Gitano Urbano - - wza
Build order — DS_Gitano Urbano
35 actions detected in the replay
| 0:00 | Create | Villager (Male) |
| 0:03 | Build | House |
| 0:04 | Build | House |
| 0:05 | Research | Loom |
| 0:20 | Create | Villager (Male) |
| 0:21 | Create | Villager (Male) |
| 0:21 | Create | Villager (Male) |
| 0:21 | Create | Villager (Male) |
| 0:21 | Create | Villager (Male) |
| 2:20 | Create | Villager (Male) |
| 2:37 | Create | Villager (Male) |
| 2:52 | Build | Lumber Camp |
| 3:08 | Create | Villager (Male) |
| 3:09 | Create | Villager (Male) |
| 3:26 | Create | Villager (Male) |
| 3:45 | Build | Palisade Gate |
| 4:20 | Create | Villager (Male) |
| 4:21 | Create | Villager (Male) |
| 4:21 | Create | Villager (Male) |
| 4:39 | Create | Villager (Male) |
| 4:51 | Build | House |
| 4:59 | Create | Villager (Male) |
| 5:14 | Build | House |
| 5:33 | Create | Villager (Male) |
| 6:03 | Build | House |
| 6:35 | Create | Villager (Male) |
| 6:41 | Build | House |
| 8:44 | Build | Town Center |
| 10:15 | Create | Villager (Male) |
| 10:16 | Create | Villager (Male) |
| 10:49 | Create | Villager (Male) |
| 10:53 | Create | Villager (Male) |
| 11:42 | Create | Villager (Male) |
| 12:01 | Create | Villager (Male) |
| 12:31 | Create | Villager (Male) |
Build order — wza
47 actions detected in the replay
| 0:00 | Create | Villager (Male) |
| 0:00 | Create | Villager (Male) |
| 0:01 | Create | Villager (Male) |
| 0:01 | Create | Villager (Male) |
| 0:02 | Build | House |
| 0:06 | Build | House |
| 1:28 | Research | Loom |
| 2:04 | Build | House |
| 2:08 | Create | Villager (Male) |
| 2:08 | Create | Villager (Male) |
| 2:08 | Create | Villager (Male) |
| 2:12 | Create | Villager (Male) |
| 2:54 | Build | House |
| 3:00 | Create | Villager (Male) |
| 3:00 | Create | Villager (Male) |
| 3:06 | Build | House |
| 3:21 | Create | Villager (Male) |
| 3:21 | Create | Villager (Male) |
| 3:22 | Build | Lumber Camp |
| 3:26 | Build | House |
| 4:05 | Create | Villager (Male) |
| 4:05 | Create | Villager (Male) |
| 4:05 | Create | Villager (Male) |
| 4:46 | Build | Palisade Wall |
| 4:46 | Build | Palisade Wall |
| 4:49 | Build | Palisade Wall |
| 4:52 | Build | Palisade Wall |
| 4:59 | Build | House |
| 5:10 | Build | Palisade Gate |
| 5:33 | Build | House |
| 5:39 | Create | Villager (Male) |
| 5:39 | Create | Villager (Male) |
| 5:39 | Create | Villager (Male) |
| 5:41 | Create | Villager (Male) |
| 6:10 | Create | Villager (Male) |
| 6:10 | Create | Villager (Male) |
| 6:11 | Create | Villager (Male) |
| 6:34 | Create | Villager (Male) |
| 6:34 | Create | Villager (Male) |
| 6:35 | Create | Villager (Male) |
| 7:58 | Create | Villager (Male) |
| 7:58 | Create | Villager (Male) |
| 8:30 | Create | Villager (Male) |
| 8:31 | Create | Villager (Male) |
| 8:42 | Create | Villager (Male) |
| 8:42 | Create | Villager (Male) |
| 10:40 | Build | House |
Match timeline
| 4:46 | wza · wall_segment Palisade Wall x1 |
| 4:46 | wza · wall_segment Palisade Wall x1 |
| 4:49 | wza · wall_segment Palisade Wall x1 |
| 4:52 | wza · wall_segment Palisade Wall x1 |
| 13:08 | DS_Gitano Urbano · resign |
[ AI ANALYSIS · 1 CREDIT ]
What really happened in this match?
Wolo.gg analyzes every decision: build order, eco, micro, common mistakes by bracket. Personalized analysis on WhatsApp or Discord in 30 seconds.
Civ guide
Persians
Perfil
Jugador #352739